 Dungeon Crawl Stone Soup version 0.28.0-53-g5a82cb258f (webtiles) character file.

Game seed: 13186891068336829487

137 ILmort the Sneak (level 5, -1/42 HPs)
             Began as a Formicid Brigand on Aug 5, 2022.
             Was a Priest of Jiyva.
             Slain by a scorpion (4 damage)
             ... on level 4 of the Dungeon.
             The game lasted 00:15:52 (3084 turns).

ILmort the Sneak (Formicid Brigand)                 Turns: 3084, Time: 00:15:53

Health: -1/42      AC:  4    Str: 15    XL:     5   Next: 43%
Magic:  5/5        EV: 11    Int: 11    God:    Jiyva [***...]
Gold:   31         SH:  0    Dex: 14    Spells: 4/4 levels left

rFire   . . .      SeeInvis +   a - +2 dagger
rCold   . . .      Faith    .   (no shield)
rNeg    . . .      Spirit   .   b - +0 robe
rPois   .          Reflect  .   (helmet unavailable)
rElec   .          Harm     .   c - +0 cloak
rCorr   +          Rampage  .   (no gloves)
Will    .....                   n - +0 pair of boots
Stlth   +++.......              (no amulet)
HPRegen 1.26/turn               (no ring)
MPRegen 0.44/turn               (no ring)

@: lethally poisoned (-1 -> -1)
A: permanent stasis, dig shafts and tunnels, antennae 3, four strong arms
a: Dig, Shaft Self, Renounce Religion, Oozemancy


You were on level 4 of the Dungeon.
You worshipped Jiyva.
Jiyva was most pleased with you.
You visited 1 branch of the dungeon, and saw 4 of its levels.

You collected 76 gold pieces.
You spent 45 gold pieces at shops.

Inventory:

Hand Weapons
 a - a +2 dagger (weapon)
Missiles
 d - 8 poisoned darts
 e - 2 curare-tipped darts
 f - 15 arrows
 j - 24 stones
 k - 2 boomerangs
Armour
 b - a +0 robe (worn)
 c - a +0 cloak (worn)
 n - a +0 pair of boots (worn)
Scrolls
 g - 2 scrolls of teleportation
 m - a scroll of identify
 o - a scroll of acquirement {unknown}
Potions
 h - a potion of haste
 i - 3 potions of heal wounds
 l - 2 potions of resistance {unknown}


   Skills:
 + Level 3.7 Fighting
 + Level 3.3 Short Blades
 - Level 2.0 Throwing
 - Level 0.8 Dodging
 + Level 6.1 Stealth


You had 4 spell levels left.
You didn't know any spells.
Your spell library contained the following spells:

 Spells                   Type           Power      Damage    Failure   Level
 Beastly Appendage        Tmut           0%         N/A       34%         1


Dungeon Overview and Level Annotations

Branches:
Dungeon (4/15)
 Temple: D:4-7

Altars:
Gozag
Vehumet
Jiyva

Shops:
D:3 [


Innate Abilities, Weirdness & Mutations

You cannot be hasted, slowed, berserked, paralysed or teleported.
You can dig through walls and to a lower floor.
You have a pair of large antennae on your head. (SInv)
Your four strong arms can wield two-handed weapons with a shield.


Message History

The scorpion poisons you!
The dart slug splashes around in the water.
You hear a distant slurping noise.
You hit the dart slug.
You kill the dart slug!
You feel very sick.
The scorpion stings you but does no damage.
The dart slug launches a dart at you. The slug dart hits you.
You hit the scorpion.
The scorpion is moderately wounded.
You feel very sick. The dart slug launches a dart at you.
The slug dart hits you.
* * * LOW HITPOINT WARNING * * *
The scorpion misses you.
You hit the scorpion.
The scorpion is heavily wounded.
You feel sick. The dart slug launches a dart at you.
The slug dart hits you but does no damage.
The dart slug launches a dart at you.
The slug dart hits you but does no damage.
The scorpion closely misses you.
You feel very sick.
You hear a distant slurping noise.
The scorpion barely misses you.
The dart slug briefly extends its eye-stalks.
The dart slug launches a dart at you. The slug dart hits you.
* * * LOW HITPOINT WARNING * * *
The scorpion stings you.
* * * LOW HITPOINT WARNING * * *
You feel very sick.
The scorpion splashes around in the water.
You feel sick.
The scorpion splashes around in the water.
The dart slug launches a dart at you. The slug dart misses you.
The scorpion stings you.
You die...

#..##≈≈.≈≈##.
##.#.≈#≈w≈≈≈.## .
...≈#≈≈#≈≈≈#≈w##.#
..≈≈≈≈≈...≈≈≈≈≈#.#
..w≈≈≈.≈..≈≈≈≈≈.###
.≈#≈≈≈#≈.≈≈≈≈≈≈≈...
≈≈≈≈≈≈≈≈.≈w≈≈≈≈≈≈#
≈≈≈≈≈≈≈$.!s≈w≈≈≈≈#
w≈≈≈≈≈≈.<@≈≈#{≈≈..#
≈#≈≈≈≈≈...≈≈≈≈≈≈≈..
≈≈#≈##≈≈.≈≈≈≈#≈≈≈##
.≈≈≈≈≈≈.!≈≈≈≈≈≈≈.#
..≈≈≈≈≈$..≈≈≈≈≈..#
..≈w≈#≈$.≈≈≈≈≈≈..#
..≈≈≈≈≈≈≈≈≈≈≈...#
....≈≈≈≈≈≈≈w...#.


You could see a scorpion and 7 dart slugs.

Vanquished Creatures
  A howler monkey (D:2)
  An iguana (D:3)
  2 adders (D:2)
  A worm (D:2)
  3 dart slugs
  3 orcs (D:3)
  5 ball pythons
  4 bats
  2 endoplasms (D:1)
  4 goblins
  5 hobgoblins
  4 kobolds
  A quokka (D:1)
  2 frilled lizards
  6 rats
44 creatures vanquished.

Vanquished Creatures (others)
  2 adders
  A giant cockroach (D:2)
  A hobgoblin (D:2)
  2 quokkas (D:2)
  A ball python (D:3)
  A bat (D:1)
  A frilled lizard (D:2)
  A kobold (D:3)
  A rat (D:2)
  A fungus (D:1)
  16 plants (D:1)
28 creatures vanquished.

Grand Total: 72 creatures vanquished

Notes
Turn   | Place    | Note
-------+----------+-------------------------------------------
     0 | D:1      | ILmort the Formicid Brigand began the quest for the Orb.
     0 | D:1      | Reached XP level 1. HP: 16/16 MP: 1/1
   109 | D:1      | Reached skill level 5 in Stealth
   137 | D:1      | Reached XP level 2. HP: 23/23 MP: 2/2
   542 | D:1      | Reached XP level 3. HP: 7/28 MP: 3/3
   915 | D:1      | Found a faded altar of an unknown god.
   924 | D:1      | Got Plato's Disquisition on Transmutation
   927 | D:1      | Prayed at the altar of an unknown god.
   927 | D:1      | Became a worshipper of Jiyva Jeefiv the Shapeless
   927 | D:1      | Reached * piety under Jiyva
  1462 | D:2      | Reached XP level 4. HP: 21/35 MP: 4/4
  1528 | D:2      | Found an opulent altar of Gozag.
  1569 | D:2      | Reached ** piety under Jiyva
  2058 | D:2      | Reached XP level 5. HP: 41/41 MP: 5/5
  2539 | D:3      | Reached skill level 6 in Stealth
  2585 | D:3      | Found Niohul's Armour Boutique.
  2593 | D:3      | Bought a +0 pair of boots for 45 gold pieces
  2782 | D:3      | Reached *** piety under Jiyva
  2868 | D:3      | Found a radiant altar of Vehumet.
  3084 | D:4      | Slain by a scorpion

Illustrated notes

Levels and vault maps discovered:
D:1:      sevenhm_arrival_forest_fort_large_1, layout_rooms, serial_bayou,
          serial_bayou_shore_a, serial_bayou_pond_b, serial_bayou_ford_a,
          serial_bayou_pond_e, shapermc_ecumenical_altar_rom_forum
D:2:      layout_basic, basic_altar, kennysheep_cross_room, grunt_ministairs_13,
          item_on_display_a
D:3:      layout_basic, nicolae_overflow_hidden_temple, serial_shops, shop
D:4:      kennysheep_slugbush, layout_rooms

Skill      XL: |  1  2  3  4  5 |
---------------+----------------+-----
Stealth        | 5 6 |  6.1
Fighting       | 3 |  3.7
Short Blades   | 3 |  3.3
Throwing       | |  2.0
Dodging        | |  0.8

Action                   |  1- 3 |  4- 6 || total
-------------------------+-------+-------++-------
Melee: Dagger            |    86 |    78 ||   164
  Use: Scroll            |       |     3 ||     3
 Stab: Sleeping          |     7 |     4 ||    11
Armor: Robe              |    17 |    12 ||    29
Dodge: Dodged            |    46 |    30 ||    76
